[Event "*** SCC Grand Prix: Titled Tuesday Blitz"]
[Site "Chess.com"]
[Date "2020.10.06"]
[Round "2"]
[White "Oligan22"]
[Black "anon569"]
[Result "0-1"]
[WhiteElo "2421"]
[BlackElo "2258"]
[TimeControl "180+1"]
[EndTime "10:18:33 PDT"]
[Termination "anon569 won on time"]

1. e4 c5 2. Nf3 d6 3. Bb5+ Bd7 4. Bxd7+ Qxd7 5. e5 dxe5 6. Nxe5 Qd5 7. Nf3 Nc6 8.
Nc3 Qh5 9. d3 Nf6 10. Nb5 Rc8 11. Be3 a6 12. Nc3 e6 13. h3 Bd6 14. Qe2 O-O 15. O-O-O Nd5 16. Ne4 Nxe3 17. fxe3 Be7 18. c4 b5 19. g4 Qg6 20. Nfd2 Rfd8 21. h4 Nb4 22. h5 Qh6 23. Nf3 e5 24. Nxe5 Qe6 25.
Nf3 bxc4 26. Nfg5 Bxg5 27. Nxg5 Qe5 28. Nf3 Nxa2+ 29. Kb1 Nc3+ 30. Kc2 Nxe2 31. Nxe5 cxd3+ 32. Rxd3 Re8 33. Nc4 Ng3 34. Rg1 Ne4 35. Rf1 Re6 36. Rf5 h6 37. Rfd5 Kh7 38. Ne5 Ng5 39. Nc4 Re4 40.
b3 Rxg4 41. Rd6 Rg2+ 42. Kc1 Rg1+ 43. Kc2 Rg2+ 44. Kc1 Ra8 45. Ne5 a5 46. Rd7 a4 0-1

[Event "*** SCC Grand Prix: Titled Tuesday Blitz"]
[Site "Chess.com"]
[Date "2020.10.06"]
[Round "2"]
[White "natelleka"]
[Black "Forantes"]
[Result "0-1"]
[WhiteElo "2220"]
[BlackElo "2428"]
[TimeControl "180+1"]
[EndTime "10:18:33 PDT"]
[Termination "Forantes won on time"]

1. e4 c5 2. Nf3 Nc6 3. d4 cxd4 4.
Nxd4 e5 5. Nb5 a6 6. Nd6+ Bxd6 7.
Qxd6 Qf6 8. Qc7 Qg6 9. Nc3 Nge7 10. Be3 b5 11. O-O-O O-O 12. f3 d5 13. Nxd5 Nxd5 14. Rxd5 Nb4 15. Rd6 Be6 16. Qa5 Nxa2+ 17. Kb1 Rfc8 18.
Bd3 Qxg2 19. Re1 Qxf3 20. Rxe6 Nc3+ 21. bxc3 fxe6 22. Qb6 Rxc3 23. Qxe6+ Qf7 24. Qxf7+ Kxf7 25. Rf1+ Ke6 26. Kb2 Rc7 27. Be2 Rf7 28. Bg4+ Ke7 29. Bc5+ Ke8 30. Rd1 Rd8 31. Ra1 Rf6 32. Be3 Rc6 33.
Bg5 Rdd6 34. Rf1 Rd4 35. Bf5 g6 36. Bh3 Rxe4 37. Bg2 Rb4+ 38. Ka3 Rcc4 39. Bd5 Ra4+ 40. Kb3 Rcb4+ 41. Kc3 Rd4 42. Bf7+ Kd7 43. Bg8 b4+ 44. Kb2 Ra5 45. Rf7+ Kc6 46. Rxh7 Rg4 47. Be3 Rb5 0-1

[Event "*** SCC Grand Prix: Titled Tuesday Blitz"]
[Site "Chess.com"]
[Date "2020.10.06"]
[Round "2"]
[White "Region_07"]
[Black "PattyCastillo"]
[Result "1/2-1/2"]
[WhiteElo "2371"]
[BlackElo "2013"]
[TimeControl "180+1"]
[EndTime "10:18:33 PDT"]
[Termination "Game drawn - insufficient material"]

1. d4 d5 2. Bg5 h6 3. Bh4 g5 4.
Bg3 Bg7 5. e3 c5 6. Nf3 Nf6 7.
Ne5 Nbd7 8. Nd2 cxd4 9. exd4 O-O 10. h4 Ne4 11. Nxe4 dxe4 12. hxg5 Nxe5 13. gxh6 Nf3+ 14.
gxf3 Bxd4 15. c3 Bf6 16. fxe4 Qxd1+ 17. Rxd1 Bg4 18. Be2 Bxe2 19. Kxe2 Rad8 20. e5 Bh8 21. Rdg1 Kh7 22. f4 Rd7 23. Rd1 Rfd8 24. Bf2 Rxd1 25. Rxd1 Rxd1 26. Kxd1 a6 27. Ke2 Kxh6 28. Bc5 e6 29.
Kf3 Kg6 30. Kg4 f5+ 31. Kg3 Bg7 32. Bd6 Bh6 33. c4 Kf7 34. b4 Ke8 35. a4 Kd7 36.
b5 axb5 37. axb5 b6 38. Kf3 Kc8 39. Be7 Kd7 40. Bd6 Kc8 41. Kg3 Kd7 42. Bb4 Kc7 43. Be7 Kd7 44. Bd6 Kc8 45. Kh4 Bxf4 46. Kh5 Bh2 47. Kg5 Kd7 48. c5 bxc5 49. Bxc5 Bxe5 50. Kh4 Bc7 51. Kg5 Bd6 52. Bd4 Kc7 53. Kg6 e5 54. Bf2 f4 55. Kf5 Kb7 56. Ke4 Bc7 57.
Bc5 Bb8 58. Bf2 Ba7 59. Bh4 Kb6 60. Kxe5 Kxb5 61. Kxf4 1/2-1/2

[Event "*** SCC Grand Prix: Titled Tuesday Blitz"]
[Site "Chess.com"]
[Date "2020.10.06"]
[Round "2"]
[White "Roman_Ovetchkin"]
[Black "garicradomir"]
[Result "0-1"]
[WhiteElo "2612"]
[BlackElo "2345"]
[TimeControl "180+1"]
[EndTime "10:18:34 PDT"]
[Termination "garicradomir won on time"]

1. d4 Nf6 2. c4 Nc6 3. Nf3 e6 4. a3 g6 5. Nc3 Bg7 6. e4 d6 7. Be3 O-O 8. Be2 Re8 9. d5 exd5 10.
cxd5 Ne7 11. Nd2 c6 12. dxc6 bxc6 13. O-O d5 14. Bd4 Be6 15. exd5 Nexd5 16. Nxd5 Bxd5 17.
Bf3 h5 18. Bxd5 Qxd5 19. Nf3 Rad8 20. Qc2 Re4 21. Rad1 Qf5 22. Bxa7 Rxd1 23. Rxd1 h4 24. h3 Nd5 25. Re1 Rxe1+ 26. Nxe1 Qe6 27. Nd3 Qe4 28. Qd1 Qc4 29. Be3 Nxe3 30. fxe3 Bh6 31.
Kf2 Qe4 32. Qd2 c5 33. b3 c4 34. bxc4 Qxc4 35. Ne1 Qa4 36. Qd3 Bf8 37. Nf3 Bxa3 38. Qd4 Qxd4 39. exd4 Be7 40. Ke3 Kg7 41. Ke4 Kf6 42.
Kd5 Kf5 43. Kc6 Kf4 44. Ne5 Kg3 45. Nxf7 Kxg2 46. Kd7 Bf6 47. d5 Kxh3 48. Ke6 Bd4 49. d6 Kg4 50. Kd5 Bb6 0-1

[Event "*** SCC Grand Prix: Titled Tuesday Blitz"]
[Site "Chess.com"]
[Date "2020.10.06"]
[Round "2"]
[White "tdf98pantani"]
[Black "FLamps8"]
[Result "0-1"]
[WhiteElo "2721"]
[BlackElo "2512"]
[TimeControl "180+1"]
[EndTime "10:18:36 PDT"]
[Termination "FLamps8 won by resignation"]

1. e4 c6 2. d4 d5 3. e5 Bf5 4. Nf3 e6 5. Be2 Nd7 6. O-O Ne7 7. Nbd2 h6 8. Nb3 g5 9. a4 Qc7 10. a5 a6 11. c3 c5 12. h4 g4 13. Ne1 h5 14. Bg5 Ng6 15. g3 Be7 16.
Bxe7 Nxe7 17. Ng2 Be4 18. Ne3 Nf5 19. Nd2 cxd4 20. Nxf5 Bxf5 21. cxd4 Rc8 22. Qb3 Qc2 23. Qe3 Qxb2 24. Ra3 Rc2 25. Rb3 Qa2 26. Rd1 Qxa5 27. Rxb7 Rc7 28. Rxc7 Qxc7 29. Bxa6 Qa5 30. Be2 O-O 31. Rc1 Kg7 32. f3 gxf3 33. Bxf3 Bg6 34.
Qg5 Qb6 35. Qe3 Ra8 36. g4 Ra4 37. gxh5 Qxd4 38. Qxd4 Rxd4 39. Nb3 Rd3 40. Bd1 Bf5 41. Bc2 Rc3 42. Bxf5 Rxc1+ 43. Nxc1 exf5 44. Nd3 Kh6 45. Nf4 Nxe5 46. Nxd5 Kxh5 47. Kg2 Kxh4 48. Ne7 Kg5 49.
Nd5 f4 50. Kf2 Kf5 51. Ne7+ Ke4 52. Ng8 Ng4+ 53. Kg2 f3+ 54. Kg3 f2 55. Kg2 Ke3 56. Ne7 Ke2 0-1

[Event "*** SCC Grand Prix: Titled Tuesday Blitz"]
[Site "Chess.com"]
[Date "2020.10.06"]
[Round "2"]
[White "Kezin_Roman"]
[Black "Igor_Bitensky"]
[Result "1-0"]
[WhiteElo "2705"]
[BlackElo "2345"]
[TimeControl "180+1"]
[EndTime "10:18:36 PDT"]
[Termination "Kezin_Roman won by checkmate"]

1. d4 Nf6 2. c4 c5 3. d5 g6 4. Nc3 Bg7 5. e4 O-O 6. Nf3 d6 7. h3 e6 8. Bd3 exd5 9. cxd5 b5 10. Bxb5 Nxe4 11. Nxe4 Qa5+ 12. Nfd2 Qxb5 13. Nxd6 Qa6 14. N2c4 Nd7 15. O-O Nb6 16. Nxb6 axb6 17. Nxc8 Raxc8 18. Qf3 Rfd8 19. Bg5 Rd7 20. Rad1 Qxa2 21.
Qg4 Qa7 22. d6 h5 23. Qf4 Bxb2 24. Rfe1 Bd4 25. Rxd4 cxd4 26. Qf6 Kh7 27. Re7 Rxe7 28.
dxe7 Qa2 29. Qxd4 Qb1+ 30. Kh2 Qf5 31. f4 Qe6 32. Qd8 b5 33. Qf8 b4 34. Bh6 Qf6 35.
Qxc8 Qxe7 36. Bg5 f6 37. Bh4 b3 38. Qb8 Qe6 39. Bf2 Qc4 40. Qb7+ Kh6 41. Be3 h4 42. f5+ g5 43. Qe7 Qc3 44. Qf8+ Kh7 45. Qf7+ Kh8 46. Qe8+ Kh7 47. Qd7+ Kg8 48. Bd4 b2 49. Bxc3 b1=Q 50.
Qe6+ Kh7 51. Qf7+ Kh6 52. Qg6# 1-0

[Event "*** SCC Grand Prix: Titled Tuesday Blitz"]
[Site "Chess.com"]
[Date "2020.10.06"]
[Round "2"]
[White "CrazyMartian"]
[Black "Zufi1811"]
[Result "0-1"]
[WhiteElo "2283"]
[BlackElo "2474"]
[TimeControl "180+1"]
[EndTime "10:18:37 PDT"]
[Termination "Zufi1811 won by resignation"]

1. d4 Nf6 2. c4 g6 3. Nc3 Bg7 4. e4 d6 5. Nf3 O-O 6. Be2 e5 7. O-O Nbd7 8. Qc2 Re8 9. d5 a5 10. a3 Nc5 11. b3 Nh5 12. Re1 Bd7 13. Bf1 f5 14. Bg5 Bf6 15. Bxf6 Qxf6 16. b4 Nxe4 17. Nxe4 fxe4 18. Qxe4 Bf5 19. Qh4 Qxh4 20. Nxh4 Bd7 21. g3 Ng7 22. Bd3 e4 23. Bc2 g5 24. Ng2 Nf5 25.
b5 Nd4 26. Bxe4 Bg4 27. Re3 Re7 28. Rae1 Kg7 29. f3 Bd7 30. Bd3 Rxe3 31. Rxe3 Kf6 32. Kf2 h6 33. Ne1 a4 34. Nc2 Nb3 35. Nb4 Nc5 36.
Bc2 Rf8 37. Nd3 Nxd3+ 38. Bxd3 c6 39. b6 c5 40. Bc2 Ra8 41. Ke2 Ra6 42. f4 Rxb6 43.
fxg5+ hxg5 44. Rf3+ Kg7 45. Kd2 Rb2 46. Re3 Kf6 47. Rf3+ Ke7 48. Kc3 Ra2 49. Re3+ Kd8 50. Rf3 Rxa3+ 51. Kd2 Rxf3 0-1

[Event "*** SCC Grand Prix: Titled Tuesday Blitz"]
[Site "Chess.com"]
[Date "2020.10.06"]
[Round "2"]
[White "Angel_Hranitel_37"]
[Black "VinzentSpitzl"]
[Result "1-0"]
[WhiteElo "2524"]
[BlackElo "2317"]
[TimeControl "180+1"]
[EndTime "10:18:39 PDT"]
[Termination "Angel_Hranitel_37 won on time"]

1. d4 Nf6 2. Nf3 g6 3. g3 Bg7 4. Bg2 d5 5. O-O O-O 6. c4 c6 7.
Qb3 Qb6 8. Nc3 Bf5 9. Na4 Qxb3 10. axb3 Nbd7 11. Bf4 Ne4 12. Rfd1 f6 13. Nh4 Be6 14. Bxe4 dxe4 15. Ng2 g5 16. Bd2 b5 17. Nc3 bxc4 18. bxc4 Bxc4 19. Ne3 Bb5 20. Nxb5 cxb5 21. Bb4 Rf7 22. Nd5 f5 23. Nxe7+ Kh8 24. Nd5 f4 25.
Ra6 fxg3 26. hxg3 Rc8 27. Rxa7 Rc2 28. Rd2 Rc1+ 29. Kg2 h5 30. Nb6 Ne5 31. Ra8+ Kh7 32. dxe5 Bxe5 33. Rd7 Rxd7 34. Nxd7 Bxb2 35. Ra7 Rb1 36.
Nf6+ Kg6 37. Nxe4 Bd4 38. Bc5 Be5 39. e3 b4 40. Ra6+ Kf5 41. Nd2 Rd1 42. Bxb4 g4 43. Ra5 Ke6 44. Nc4 Bc7 45. Ra6+ Kd7 46. Ba5 Bb8 47.
Rh6 Rd5 48. Bb4 Rb5 49. Bc3 Ke7 50. Nb6 1-0

[Event "*** SCC Grand Prix: Titled Tuesday Blitz"]
[Site "Chess.com"]
[Date "2020.10.06"]
[Round "2"]
[White "zajka-molotok"]
[Black "sopo-tereladze"]
[Result "1-0"]
[WhiteElo "2478"]
[BlackElo "2302"]
[TimeControl "180+1"]
[EndTime "10:18:39 PDT"]
[Termination "zajka-molotok won by resignation"]

1. d4 Nf6 2. c4 e6 3. Nc3 Bb4 4. Qc2 O-O 5. Nf3 Nc6 6. e4 d6 7.
Bd3 e5 8. d5 Nd4 9. Nxd4 exd4 10. a3 Ba5 11. b4 dxc3 12. bxa5 Re8 13. O-O c5 14. Bg5 Qe7 15. Rae1 Qe5 16. f4 Qd4+ 17. Kh1 Ng4 18. Rf3 Bf5 19. h3 Bxe4 20. Rxe4 Rxe4 21.
Bxe4 Ne3 22. Bxh7+ Kh8 23. Qf2 c2 24. Bxc2 Nxc2 25. Qxc2 Re8 26. Bh4 Re4 27. Bf2 Qxc4 28. Qxc4 Rxc4 29. g3 Ra4 30. Rb3 Rxa5 31. Rxb7 Rxa3 32.
Rd7 c4 33. Rxd6 c3 34. Rc6 Ra2 35. Kg2 c2 36. Kf3 Kh7 37. d6 Ra3+ 38. Be3 Rd3 39. Ke4 Rd1 40. Rxc2 Rxd6 41. Bxa7 Re6+ 42. Kf3 Rh6 43. h4 Rd6 44. Be3 f5 45. g4 fxg4+ 46. Kxg4 Rd3 47. Kf3 Ra3 48. Rg2 Rb3 49. Rg5 Rb7 50. Re5 Rb3 51. Kg4 Kg6 52. h5+ Kh7 53.
Bd4 Rb1 54. Re7 Kh6 55. Bxg7+ Kh7 56. Be5+ 1-0

[Event "*** SCC Grand Prix: Titled Tuesday Blitz"]
[Site "Chess.com"]
[Date "2020.10.06"]
[Round "2"]
[White "TimofeevAr"]
[Black "OhanyanEminChess"]
[Result "0-1"]
[WhiteElo "2835"]
[BlackElo "2578"]
[TimeControl "180+1"]
[EndTime "10:18:41 PDT"]
[Termination "OhanyanEminChess won by checkmate"]

1. e4 e5 2. Nf3 Nc6 3. Nc3 Nf6 4. Be2 d5 5. exd5 Nxd5 6. O-O Nxc3 7. bxc3 Bd6 8. d3 O-O 9. Re1 Bf5 10. Ng5 h6 11.
Ne4 Bxe4 12. dxe4 Bc5 13. Bd3 Qf6 14. Qe2 Ne7 15. g3 Rad8 16. Kg2 Kh7 17. a4 a5 18. Rf1 Qg6 19. f4 f6 20. Rb1 b6 21.
Bd2 Bd6 22. Rf3 Qe8 23. Bb5 Qf7 24. Bc4 Qe8 25. Bb3 Qc6 26. Rbf1 Ng6 27. f5 Ne7 28. g4 Bc5 29. Bc1 Nc8 30. g5 fxg5 31. Bxg5 Rd6 32. Bc1 Rdf6 33. Bd5 Qxa4 34. Rg3 Ne7 35.
Qg4 g5 36. Bxg5 Nxd5 37. exd5 hxg5 38. Rh3+ Kg7 39. Qh5 Rg8 40. Qe2 Kf8 41. Rh7 Qe8 42. h3 Bd6 43. c4 e4 44. Re1 Qe5 45. Kh1 Rxf5 46. Rf1 Rxf1+ 47. Qxf1+ Qf4 48. Qe2 Qf3+ 49. Qxf3+ exf3 50. Kg1 Rg7 51. Rh8+ Kf7 52. Kf2 Kg6 53. Kxf3 Rh7 54. Rc8 Rxh3+ 55. Kg4 Rg3# 0-1

[Event "*** SCC Grand Prix: Titled Tuesday Blitz"]
[Site "Chess.com"]
[Date "2020.10.06"]
[Round "2"]
[White "TigrVShlyape"]
[Black "KyronGriffith"]
[Result "1/2-1/2"]
[WhiteElo "2822"]
[BlackElo "2566"]
[TimeControl "180+1"]
[EndTime "10:18:42 PDT"]
[Termination "Game drawn by repetition"]

1. d4 Nf6 2. Nf3 e6 3. Bf4 c5 4. e3 b6 5. Nbd2 Bb7 6. h3 Be7 7. a4 a6 8. Bd3 O-O 9. O-O Nc6 10. c3 d6 11. Bh2 Re8 12. Re1 Bf8 13. e4 cxd4 14. cxd4 e5 15. d5 Nb4 16. Bf1 a5 17.
Nc4 Ba6 18. Na3 Bxf1 19. Kxf1 Nd7 20. Nb5 Nc5 21. Kg1 Qd7 22. b3 g6 23. Nd2 Rac8 24. Rb1 f5 25. f3 Red8 26. Qe2 Ncd3 27. Nc4 Rxc4 28. bxc4 Nxe1 29. Rxe1 Bh6 30. Kh1 Rc8 31. Bg1 Rb8 32. exf5 gxf5 33. g4 fxg4 34. fxg4 Na6 35. Rf1 Nc5 36. Bxc5 bxc5 37. Qe4 Bf4 38. Kg2 Rf8 39.
Qe2 Rf7 40. Nc3 Qd8 41. Rb1 h5 42. Ne4 hxg4 43. hxg4 Rg7 44. Rh1 Qc8 45. Rh4 Qd8 46. Rh5 Kf7 47. Kh3 Qd7 48. Qd1 Rg6 49. Rh7+ Rg7 50.
Rxg7+ Kxg7 51. Qb3 Kg6 52. Ng3 Qh7+ 53. Nh5 Qd7 54.
Qf3 Qxa4 55. Nxf4+ exf4 56. Qxf4 Qb3+ 57. Kh4 Qb8 58.
Qf5+ Kg7 59. g5 Qd8 60. Kh5 Qe8+ 61. g6 Qe2+ 62. Kg5 Qe3+ 63. Kg4 Qg1+ 64. Kh5 Qh2+ 65. Kg4 Qg2+ 66. Kh5 Qh2+ 67. Kg4 Qg2+ 68. Kh5 Qh2+ 1/2-1/2

[Event "*** SCC Grand Prix: Titled Tuesday Blitz"]
[Site "Chess.com"]
[Date "2020.10.06"]
[Round "2"]
[White "MattyDPerrine"]
[Black "chorejason"]
[Result "1/2-1/2"]
[WhiteElo "2395"]
[BlackElo "2151"]
[TimeControl "180+1"]
[EndTime "10:18:47 PDT"]
[Termination "Game drawn by repetition"]

1. e4 c5 2. Nf3 d6 3. Bb5+ Bd7 4. Bxd7+ Qxd7 5. c4 Nf6 6. Nc3 g6 7. d4 cxd4 8. Nxd4 Nc6 9. f3 Nxd4 10. Qxd4 Bg7 11. Be3 O-O 12. Qd2 a6 13. Rc1 Rab8 14. O-O Rfc8 15. b3 b5 16. Nd5 bxc4 17. Nb6 Rxb6 18. Bxb6 c3 19. Rxc3 Rxc3 20. Qxc3 Nxe4 21. Qd3 Qc6 22.
Qxe4 Qxb6+ 23. Kh1 Bf6 24. Rc1 Kg7 25. Qc6 Qe3 26. Qc2 h5 27. Rd1 Be5 28. Qd3 Qf2 29. Qxa6 h4 30. a4 h3 31. Qf1 Qc2 32. g3 Qxb3 33.
Rb1 Qc2 34. Rc1 Qxa4 35. Qxh3 Qa2 36. Qf1 d5 37. Rd1 d4 38. f4 Qd5+ 39. Qg2 Qxg2+ 40. Kxg2 Bf6 41. Kf3 e5 42. fxe5 Bxe5 43. Ke4 Kf6 44. Rb1 Ke6 45. Rb6+ Bd6 46. Kxd4 f5 47. Rb5 Kf6 48. Kd5 Ba3 49. Kd4 Kg5 50. Ke3 Bb2 51. Kf3 Bc1 52. Rd5 Bb2 53. Rd6 Kh6 54. h4 Kh7 55.
Rc6 Bg7 56. Rc5 Kh6 57. Rd5 Kh5 58. Rd7 Kh6 59. Rb7 Kh7 60. g4 fxg4+ 61. Kxg4 Kh6 62. Rd7 Kh7 63. Rd5 Kh6 64. Rd6 Kh7 65. Rc6 Be5 66. Re6 Bg7 67. Kg5 Bh6+ 68. Kg4 Bg7 69. Re7 Kh6 70.
Re6 Kh7 1/2-1/2

[Event "*** SCC Grand Prix: Titled Tuesday Blitz"]
[Site "Chess.com"]
[Date "2020.10.06"]
[Round "2"]
[White "Jovidon91"]
[Black "K_A_S_T_O_R"]
[Result "0-1"]
[WhiteElo "2496"]
[BlackElo "2736"]
[TimeControl "180+1"]
[EndTime "10:18:49 PDT"]
[Termination "K_A_S_T_O_R won on time"]

1. d4 Nf6 2. c4 e6 3. Nf3 c5 4.
Nc3 cxd4 5. Nxd4 a6 6. e3 Qc7 7. Be2 b6 8. O-O Bb7 9. b3 b5 10. Bb2 bxc4 11. Bxc4 d5 12. Be2 Bd6 13. h3 O-O 14.
Rc1 Qe7 15. Na4 Nbd7 16. Nc6 Bxc6 17. Rxc6 a5 18. Qc2 Be5 19. Rc1 h6 20. Nb6 Bxb2 21. Qxb2 Nxb6 22. Rxb6 Rfc8 23. Bd3 Qd7 24. Bb5 Qd8 25.
Rbc6 Rxc6 26. Rxc6 Rb8 27. a4 Rc8 28. b4 axb4 29.
Qxb4 Ra8 30. Rc2 Ne4 31. Bd3 Rb8 32. Qa3 Qa5 33. Bxe4 dxe4 34. Qa1 Rb4 35. Ra2 e5 36. Kh2 g6 37. Qd1 Kg7 38. Qd7 Rb1 39. Rd2 Ra1 40.
Rd5 Qe1 41. Rxe5 Qxf2 42. Qd4 Qg1+ 43. Kg3 Qe1+ 44. Kh2 Kh7 45. Rxe4 Qg1+ 46. Kg3 Ra2 47. Rg4 Rxg2+ 48. Kf4 Qf2+ 49. Ke5 Qf5+ 50. Kd6 Qe6+ 51. Kc5 Rc2+ 52. Kb4 Qa2 53. Ka5 Qe6 54. Re4 Qc6 55. Re5 Rc4 56. Qd1 Qc7+ 57. Kb5 Rc6 58. Rc5 Qb6+ 0-1

[Event "*** SCC Grand Prix: Titled Tuesday Blitz"]
[Site "Chess.com"]
[Date "2020.10.06"]
[Round "2"]
[White "northridgehawk"]
[Black "TrickyFortem"]
[Result "0-1"]
[WhiteElo "2305"]
[BlackElo "2479"]
[TimeControl "180+1"]
[EndTime "10:18:49 PDT"]
[Termination "TrickyFortem won by checkmate"]

1. e4 c5 2. Nf3 Nc6 3. d4 cxd4 4. Nxd4 Nf6 5. Nc3 e5 6. Ndb5 d6 7. Nd5 Nxd5 8. exd5 Ne7 9. c4 Bd7 10. Nc3 Ng6 11. Be2 f5 12. O-O Be7 13. f4 O-O 14. Be3 exf4 15. Bd4 b6 16. Qd2 Rc8 17. Rae1 Bg5 18.
Qd3 Ne5 19. Bxe5 dxe5 20. b4 e4 21. Qd1 Qf6 22. Qc2 Qh6 23. Bd1 Bh4 24. Ne2 Bxe1 25.
Rxe1 f3 26. gxf3 Qe3+ 27. Kf1 Qxf3+ 28. Kg1 Qe3+ 29. Kf1 Rf6 30. Ng3 Qh6 31. c5 bxc5 32.
bxc5 Bb5+ 33. Kg2 f4 34. Nxe4 Rg6+ 35. Kh1 Qh3 36. Qf2 Bc4 37. d6 Bd5 38. Bf3 Rxc5 39.
Rd1 Ra5 40. d7 Qxd7 41. Qd2 Bxe4 42. Bxe4 Qxd2 43. Rxd2 Rb6 44. Rd7 Kf8 45. Bd5 Rxd5 46. Rxd5 Rb1+ 47. Kg2 Rb2+ 48. Kh3 Rxa2 49. Rf5+ Ke7 50.
Rxf4 g6 51. Kg4 Rxh2 52. Ra4 Kf6 53. Ra6+ Kg7 54. Rxa7+ Kh6 55. Ra5 Rb2 56. Ra6 Rb4+ 57. Kg3 Re4 58. Ra7 Rd4 59. Rb7 g5 60. Rc7 Kg6 61.
Rc6+ Kf5 62. Rc5+ Kg6 63. Rc6+ Kh5 64. Rc2 Rd3+ 65. Kg2 Kh4 66. Rc7 h5 67. Rc4+ g4 68.
Rc5 Rd2+ 69. Kg1 g3 70. Kh1 Kg4 71. Rc4+ Kh3 72. Rc1 h4 73. Kg1 Rg2+ 74. Kh1 Re2 75. Kg1 Kg4 76. Rc4+ Kf3 77. Rc3+ Re3 78. Rc2 Re1# 0-1

[Event "*** SCC Grand Prix: Titled Tuesday Blitz"]
[Site "Chess.com"]
[Date "2020.10.06"]
[Round "2"]
[White "ExcitingTrap"]
[Black "ExtremeLearner"]
[Result "0-1"]
[WhiteElo "2249"]
[BlackElo "2448"]
[TimeControl "180+1"]
[EndTime "10:18:50 PDT"]
[Termination "ExtremeLearner won by checkmate"]

1. e4 c6 2. d4 d5 3. e5 Bf5 4. h4 h5 5. Bd3 Bxd3 6. Qxd3 Qa5+ 7. Nc3 Qa6 8. e6 Qxd3 9. exf7+ Kxf7 10. cxd3 g6 11.
Nf3 Nd7 12. Bg5 Ngf6 13. O-O Bg7 14. Rfe1 Rae8 15. Bf4 Rhf8 16. Ng5+ Kg8 17. Ne6 Rf7 18. Ng5 Rff8 19. Ne6 Rf7 20. Ne2 Nh7 21. Be3 Rf6 22. N2f4 Ndf8 23. Bd2 Nxe6 24. Nxe6 Nf8 25. Nc7 Rc8 26.
Rxe7 Rf7 27. Rae1 Rxc7 28. Re8 Bxd4 29. R1e2 Kg7 30. Ra8 Nh7 31. Ree8 Rxf2 32. Bc3 Rf4+ 33. Bxd4+ Rxd4 34. Rg8+ Kf6 35. Rxa7 Rxd3 36. Ra4 Kf5 37. Kh2 Nf6 38. Rf8 Re7 39. Raa8 Ke6 40. Ra4 d4 41. g3 Ng4+ 42. Kg2 Rd2+ 43. Kf3 Kd7 44. Rf6 Re3+ 45. Kf4 Rf2+ 46. Kg5 Re5+ 47. Kxg6 Rxf6+ 48. Kg7 Re7+ 49. Kg8 Rg6+ 50. Kf8 Rgg7 51. Rxd4+ Kc7 52.
Rf4 Nh6 53. Rf5 Rd7 54. g4 Rg8# 0-1

[Event "*** SCC Grand Prix: Titled Tuesday Blitz"]
[Site "Chess.com"]
[Date "2020.10.06"]
[Round "2"]
[White "szefru"]
[Black "Nara_Kh"]
[Result "1-0"]
[WhiteElo "2177"]
[BlackElo "2390"]
[TimeControl "180+1"]
[EndTime "10:18:50 PDT"]
[Termination "szefru won by resignation"]

1. e4 c5 2. Nf3 d6 3. d4 Nf6 4. Nc3 cxd4 5. Qxd4 a6 6. Bg5 Nc6 7. Qd2 e6 8. Be2 Be7 9. O-O-O Qc7 10. h4 b5 11. h5 h6 12. Bh4 Bb7 13. Rdg1 Ne5 14.
Nxe5 dxe5 15. f3 Rd8 16. Bd3 b4 17. Ne2 Qa5 18. Kb1 Qb6 19. g4 Bc5 20. Rg2 Be3 21.
Qe1 a5 22. g5 hxg5 23. Bxg5 Nxh5 24. Bxd8 Kxd8 25. Ng3 g6 26. Nxh5 gxh5 27. Qh4+ Kc8 28. Qf6 Rd8 29. Qxf7 Ba6 30. Bxa6+ Qxa6 31. Rg8 Qd6 32.
Rxd8+ Kxd8 33. Qxh5 a4 34. Qh8+ Kc7 35. Rh7+ Kb6 36.
Rh1 a3 37. Qa8 axb2 38. Qa4 Kc5 39. Qa5+ Kc4 40. Qa4 Kc3 41. Qb3+ Kd2 42. c4 bxc3 43. Rd1+ Ke2 44. Rxd6 Kxf3 45. Qxc3 Kxe4 46. Rd3 Bd4 47. Rxd4+ exd4 48. Qd2 e5 49. Kxb2 Kd5 50. Kb3 e4 51.
a4 e3 52. Qd3 Ke5 53. a5 1-0

[Event "*** SCC Grand Prix: Titled Tuesday Blitz"]
[Site "Chess.com"]
[Date "2020.10.06"]
[Round "2"]
[White "ENajer77"]
[Black "renehp"]
[Result "1-0"]
[WhiteElo "2712"]
[BlackElo "2481"]
[TimeControl "180+1"]
[EndTime "10:18:51 PDT"]
[Termination "ENajer77 won by resignation"]

1. e4 d5 2. exd5 Qxd5 3. Nc3 Qd6 4. d4 Nf6 5. Nb5 Qb6 6. Nf3 c6 7. Na3 g6 8. Nc4 Qc7 9. Nce5 Bg7 10. Bc4 O-O 11. O-O Nbd7 12. Nxf7 Rxf7 13. Ng5 Nd5 14. Nxf7 Kxf7 15. Re1 Nf6 16. Bb3 Kf8 17. c4 Nb6 18. Bg5 Bf5 19. Qe2 Rd8 20. Rad1 h6 21. Bh4 g5 22. Bg3 Qd7 23. d5 cxd5 24. cxd5 Ne4 25. Qf3 Nd6 26. Bxd6 exd6 27. g4 Kg8 28. Qxf5 Qxf5 29. gxf5 Rf8 30. Re7 Rxf5 31. Rxb7 Rf4 32. Re1 Be5 33. Rxa7 Kf8 34. Rb7 Nc4 35. Rb4 Nxb2 36.
Rxf4+ gxf4 37. Kg2 Nd3 38. Re4 Nc5 39. Rc4 Ke7 40. Bc2 Kf6 41. Kf3 Kg5 42. a4 Bf6 43. a5 Bd8 44. Rxf4 Bxa5 45. Rf5+ Kh4 46. Rf6 Bc7 47. Rxh6+ Kg5 48. Rg6+ Kh5 49. Rg7 Ba5 50. Rh7+ Kg5 51. h4+ Kf6 52. h5 Bc3 53. Rh6+ Ke5 54. Rg6 Kxd5 55. h6 Nd7 56. Kg2 Be5 57. h7 Kd4 58.
Rg8 Nc5 59. h8=Q Bxh8 60. Rxh8 Kc3 61. Bf5 d5 62. Rd8 d4 63. Rc8 Kb4 64. Rxc5 Kxc5 65.
Kf3 Kd5 66. Bd3 1-0

[Event "*** SCC Grand Prix: Titled Tuesday Blitz"]
[Site "Chess.com"]
[Date "2020.10.06"]
[Round "2"]
[White "Fins0905"]
[Black "ZverevLev"]
[Result "1-0"]
[WhiteElo "2637"]
[BlackElo "2331"]
[TimeControl "180+1"]
[EndTime "10:18:51 PDT"]
[Termination "Fins0905 won by resignation"]

1. e4 e5 2. Nf3 Nc6 3. Bb5 a6 4. Bxc6 dxc6 5. O-O f6 6. d4 exd4 7.
Nxd4 c5 8. Nb3 Qxd1 9. Rxd1 Bd7 10. Be3 b6 11. Nc3 O-O-O 12. Nd5 Ne7 13. c4 Nxd5 14. cxd5 Bd6 15. Nd2 Rhe8 16. f3 g5 17. Nc4 h6 18.
g4 Kb8 19. b4 Bb5 20. bxc5 Bxc4 21. cxd6 Rxd6 22. Rdc1 Be2 23. Kf2 Bb5 24. a4 Bd7 25. a5 Kb7 26. Bd2 c6 27. Bb4 c5 28. Ba3 Rh8 29.
Rab1 Kc7 30. axb6+ Rxb6 31. Rxb6 Kxb6 32. Bxc5+ Kb7 33. Be7 h5 34. Bxf6 Rf8 35. Bxg5 hxg4 36. f4 Rh8 37. f5 Rxh2+ 38. Kg3 Re2 39. Kf4 g3 40. Rg1 g2 41. e5 Rf2+ 42. Ke4 Bxf5+ 43. Ke3 Ra2 44. e6 Kc7 45. Bf4+ Kd8 46. Bg5+ Kc7 47. Kf4 Rf2+ 48. Ke5 Bh3 49. d6+ Kc6 50. d7 Re2+ 51. Kd4 Rxe6 52. d8=Q Rd6+ 53. Qxd6+ Kxd6 54. Kc4 Ke5 55. Be3 Ke4 56. Bb6 Kf3 57. Kb4 Kg3 58. Ka5 Bc8 59.
Rc1 Kh2 60. Rxc8 g1=Q 61. Bxg1+ Kxg1 62. Rf8 1-0

[Event "*** SCC Grand Prix: Titled Tuesday Blitz"]
[Site "Chess.com"]
[Date "2020.10.06"]
[Round "2"]
[White "Sergienko_Sergey"]
[Black "Tash_Boy"]
[Result "0-1"]
[WhiteElo "2346"]
[BlackElo "2668"]
[TimeControl "180+1"]
[EndTime "10:18:53 PDT"]
[Termination "Tash_Boy won on time"]

1. e4 c5 2. Nf3 d6 3. Bb5+ Nd7 4. c3 a6 5. Ba4 b5 6. Bc2 Bb7 7. O-O c4 8. a4 Ngf6 9. Re1 e5 10. Na3 Bc6 11.
axb5 axb5 12. d3 cxd3 13. Bxd3 Nc5 14. Bg5 Rb8 15. Nc2 Be7 16. Nb4 Ba8 17. Rxa8 Rxa8 18. Bxb5+ Kf8 19. Nh4 Nfxe4 20. Nc6 Bxg5 21. Nxd8 Bxh4 22.
Qd5 Bxf2+ 23. Kf1 Rxd8 24. Rxe4 Nxe4 25. Qxe4 Bc5 26. Qb7 d5 27. Bc6 d4 28. Bd5 Be7 29. c4 g6 30. Qc7 f6 31. Qc6 Kg7 32. Qb7 Kf8 33. Ke2 h5 34. Qc6 Kg7 35. Qb7 Rhe8 36. Bc6 d3+ 37. Kd1 e4 38. Bxe8 Rxe8 39. Qxe4 Kf8 40. Qd4 Rd8 41. Qb6 d2 42. c5 Rd5 43.
b4 Bd8 44. Qe6 Re5 45. Qd6+ Be7 46. Qxd2 Re4 47. Qc3 Kf7 48. c6 Bxb4 49. Qb3+ Ke7 50. c7 Rd4+ 51. Kc2 Kd7 52. Qf7+ Kc8 53. Qxg6 Kxc7 54.
Qxf6 Rd6 55. Qf7+ Kb6 56. Qxh5 Rc6+ 57. Kb3 Bc5 58. Qf3 Rd6 59. Qe4 Rd4 0-1

[Event "*** SCC Grand Prix: Titled Tuesday Blitz"]
[Site "Chess.com"]
[Date "2020.10.06"]
[Round "2"]
[White "Denis_Makhnyov"]
[Black "Sashadav97"]
[Result "1/2-1/2"]
[WhiteElo "2936"]
[BlackElo "2592"]
[TimeControl "180+1"]
[EndTime "10:18:54 PDT"]
[Termination "Game drawn by repetition"]

1. d4 d5 2. c4 e6 3. Nf3 Nf6 4.
g3 dxc4 5. Bg2 Nbd7 6. O-O c6 7. a4 b6 8. Qc2 Ba6 9. Rd1 Rc8 10. Nc3 Be7 11.
e4 O-O 12. h3 c5 13. d5 exd5 14.
exd5 Bd6 15. Nb5 Bxb5 16. axb5 Qc7 17. Qxc4 Rfe8 18. Qa4 Ra8 19. Qc2 h6 20. Nd2 Ne5 21.
f4 Ned7 22. Nc4 Re7 23. Bd2 Rae8 24. Re1 Nf8 25. Bc3 Nh5 26. Qf2 Ng6 27. Rxe7 Rxe7 28. Re1 Qd7 29. Bf3 Nf6 30. Ne5 Qe8 31. Nc6 Rxe1+ 32.
Qxe1 Qxe1+ 33. Bxe1 Ne7 34. Nxe7+ Bxe7 35. Bc3 Bd6 36. Kf2 Kf8 37. Ke3 Ke7 38. g4 g6 39. g5 Ng8 40. h4 h5 41. f5 Kd7 42.
fxg6 fxg6 43. Be4 Ne7 44. Bf6 Bg3 45. Kf3 Bxh4 46. Kf4 Be1 47. Bxe7 Bd2+ 48. Ke5 Kxe7 49. d6+ Kd8 50. Bxg6 Bxg5 51. Bxh5 c4 52. Kd5 Bc1 53. Kxc4 Bxb2 54. Kd5 Ba3 55. Kc6 Bc5 56. Bg4 Bg1 57. d7 Bf2 58. Kb7 Bg1 59. Kxa7 Bf2 60. Kb7 Bg1 61. Kc6 Bf2 62. Kd6 Bg1 63. Kc6 Bf2 64. Kd6 Bg1 65. Kc6 1/2-1/2